 Dungeon Crawl Stone Soup version 0.30.1-11-g7821555f0a (webtiles) character file.

Game seed: 5286244643544133080

3502 Firecrotchwizard the Fighter (level 10, -7/76 HPs)
             Began as a Djinni Fire Elementalist on Nov 24, 2023.
             Was a Follower of Makhleb.
             Mangled by Harold
             ... wielding a +0 hand axe
              (18 damage)
             ... on level 9 of the Dungeon.
             The game lasted 00:36:14 (7540 turns).

Firecrotchwizard the Fighter (DjFE)                 Turns: 7540, Time: 00:36:15

Health: -7/76      AC:  4    Str:  9    XL:     10   Next: 28%
Gold:   487        EV: 12    Int: 19    God:    Makhleb [*.....] SH:  5 Dex: 14

rFire   + + +        r - staff of fire
rCold   x . .        j - +0 buckler
rNeg    . . .        F - +0 robe {Will+}
rPois   ∞            u - +0 helmet
rElec   .            C - +0 cloak
rCorr   .            (no gloves)
SInv    .            (boots unavailable)
Will    ++...        (no amulet)
Stlth   ++           (no ring)
HPRegen 0.32/turn    (no ring)
MPRegen 0.00/turn

%: infuse magic (-8 HP)
@: marked, flying
A: sickness immunity, fire resistance 2, cold vulnerability 1, float, innate
caster, HP casting, extra vitality 1
a: Renounce Religion


You were on level 9 of the Dungeon.
You worshipped Makhleb.
Makhleb was aware of your devotion.
You visited 1 branch of the dungeon, and saw 9 of its levels.

You collected 487 gold pieces.

Inventory:

Hand Weapons
 h - the +7 whip of Plog {freeze, rN+ SInv}
   (You found it on level 4 of the Dungeon)

   rN:        It protects you from negative energy.
   SInv:      It lets you see invisible.
 o - a +1 dagger of holy wrath
 v - a +3 dagger of venom
 G - a +2 war axe of flaming
Missiles
 l - 12 poisoned darts
 E - 7 curare-tipped darts
Armour
 a - a +0 robe
 j - a +0 buckler (worn)
 u - a +0 helmet (worn)
 C - a +0 cloak (worn)
 F - a +0 robe of willpower (worn)
Magical Staves
 r - a staff of fire (weapon)
Wands
 e - a wand of polymorph (8)
 m - a wand of roots (8)
 w - a wand of quicksilver (8)
 B - a wand of charming (5)
Scrolls
 g - 2 scrolls of blinking
 i - 2 scrolls of identify
 t - 8 scrolls of teleportation
 A - a scroll of fear
Potions
 b - 5 potions of attraction
 c - 2 potions of invisibility
 d - 3 potions of ambrosia
 f - 2 potions of heal wounds
 k - a potion of flight {unknown}
 n - a potion of berserk rage {unknown}
 p - a potion of degeneration {unknown}
 q - 4 potions of curing
 s - 3 potions of lignification
 x - a potion of cancellation {unknown}
 y - a potion of magic {unknown}
 z - a potion of mutation {unknown}
 D - a potion of might {unknown}


   Skills:
 + Level 8.2 Fighting
 - Level 2.1 Dodging
 - Level 1.5 Stealth
 - Level 6.0 Shields
 + Level 6.8 Spellcasting
 + Level 4.5 Invocations


You knew the following spells:

 Your Spells              Type           Power      Damage    Failure   Level
a - Foxfire               Conj/Fire      100%       2x1d9     1%          1
b - Scorch                Fire           96%        2d9       1%          2
c - Volatile Blastmotes   Fire/Tloc      96%        2d18      2%          3
d - Inner Flame           Hex/Fire       48%        N/A       2%          3
e - Flame Wave            Conj/Fire      48%        2d12      9%          4
f - Sandblast             Erth           64%        2d14      1%          1
g - Wereblood             Tmut           32%        N/A       1%          2
h - Momentum Strike       Conj/Tloc      64%        3d9       1%          2
i - Vhi's Electric Charg  Tloc/Air       64%        N/A       2%          3
Your spell library was empty.

Dungeon Overview and Level Annotations

Branches:
Dungeon (9/15)             Temple (0/1) D:6
   Lair: D:8-11         Orc: D:9-12

Altars:
Dithmenos
Elyvilon
Gozag
Makhleb
Nemelex Xobeh
Ru
Xom
Yredelemnul

Annotations:
D:8 exclusions: killer bee and lemure
D:9 Harold


Innate Abilities, Weirdness & Mutations

You are immune to sickness and miasma.
You are immune to poison.
Your flesh is very heat resistant. (rF++)
You are vulnerable to cold. (rC-)
You float through the air rather than walking.
You learn spells naturally, not from books.
Your magical power is your life essence.
You have superior vitality. (+4 MHP)


Message History

You see here a +0 club.
Things that are here:
a +0 club; a +0 whip; a +0 leather armour You see here a +0 short sword.
A lemure comes into view.
The lemure shouts!
A lemure comes into view.
(D) Dungeon (T) Temple
Where to? (Enter - D:9, ? - help)
There are monsters nearby!
There is a stone staircase leading down here.
You fly downwards.
There is a stone staircase leading up here.
Casting: Foxfire (safe; 1% risk of failure)
Confirm with . or Enter, or press ? or * to list all spells.
You feel a surge of power!
You conjure some foxfire!
Casting: Foxfire (safe; 1% risk of failure)
Confirm with . or Enter, or press ? or * to list all spells.
You don't know that spell.
Casting: Foxfire (safe; 1% risk of failure)
Confirm with . or Enter, or press ? or * to list all spells.
You feel a surge of power!
You conjure some foxfire!
The foxfire hits Harold.
Harold resists.
Harold is lightly wounded.
The foxfire hits Harold.
Harold resists.
Harold is lightly wounded.
Harold fires a harpoon shot at you. The harpoon shot hits you!
You are yanked forward by the harpoon shot.
A steam dragon comes into view.
Found 12 gold pieces.
Found a stone staircase leading down.
Casting: Foxfire (safe; 1% risk of failure)
Confirm with . or Enter, or press ? or * to list all spells.
You feel a surge of power!
You conjure some foxfire!
You block Harold's attack. Harold completely misses your foxfire.
Harold hits your foxfire with a +0 hand axe!
Casting: Foxfire (safe; 1% risk of failure)
Confirm with . or Enter, or press ? or * to list all spells.
You feel a surge of power!
Flames lash Harold.
Harold resists.
Harold is lightly wounded.
Harold's fire resistance burns away.
The foxfire hits Harold but does no damage.
Harold is lightly wounded.
The foxfire hits Harold.
Harold is moderately wounded.
The foxfire hits Harold.
Harold is moderately wounded.
The foxfire hits Harold.
Harold is moderately wounded.
Harold hits you with a +0 hand axe.
Casting: Scorch (safe; 1% risk of failure)
Confirm with . or Enter, or press ? or * to list all spells.
You feel a surge of power!
You conjure some foxfire!
Harold hits you with a +0 hand axe!
Harold hits your foxfire with a +0 hand axe! x2
Casting: Foxfire (safe; 1% risk of failure)
Confirm with . or Enter, or press ? or * to list all spells.
You feel a surge of power!
You conjure some foxfire!
The foxfire hits Harold but does no damage.
Harold is moderately wounded.
The foxfire hits Harold.
Harold is moderately wounded.
You block Harold's attack.
Harold hits your foxfire with a +0 hand axe!
Casting: Foxfire (safe; 1% risk of failure)
Confirm with . or Enter, or press ? or * to list all spells.
You feel a surge of power!
Flames lash Harold.
Harold is heavily wounded.
* * * LOW HITPOINT WARNING * * *
The foxfire hits Harold but does no damage.
Harold is heavily wounded.
The foxfire hits Harold but does no damage.
Harold is heavily wounded.
Harold closely misses you.
Casting: Scorch (safe; 1% risk of failure)
Confirm with . or Enter, or press ? or * to list all spells.
You feel a surge of power!
You conjure some foxfire!
* * * LOW HITPOINT WARNING * * *
Harold hits you with a +0 hand axe!!
* * * LOW HITPOINT WARNING * * *
Harold hits your foxfire with a +0 hand axe!
Harold closely misses your foxfire.
The foxfire hits the steam dragon.
The steam dragon is lightly wounded.
Aiming: Charm
Press: ? - help, Shift-Dir - straight line, f - steam dragon
Aim: a steam dragon (lightly wounded, chance to affect: 49%)
The steam dragon resists with some effort.
The foxfire hits Harold but does no damage.
Harold is heavily wounded.
Harold hits you with a +0 hand axe!
* * * LOW HITPOINT WARNING * * *
You hit Harold.
Harold is heavily wounded.
Harold gestures at you while chanting. A sentinel's mark forms upon you.
The steam dragon barely misses you. The steam dragon closely misses you.
You hit Harold but do no damage.
Harold is heavily wounded.
Harold hits you with a +0 hand axe!!
You die...

#.###########.
#.........$...
#.........>...
#.............
#.............
#.............
#......D......
#.....@@......
#.............
#.<...........
#.............
#.............
#.............
#.............
#.............
#.########


You could see Harold (combustible) and a steam dragon.

Vanquished Creatures
  Sigmund (D:3)
  A wraith (D:8)
  A steam dragon (D:7)
  Menkaure (D:4)
  2 water moccasins
  Duvessa (D:4)
  An ice beast (D:5)
  2 sky beasts (D:8)
  2 ogres
  A centaur (D:8)
  A phantom (D:4)
  A kobold brigand (D:8)
  3 bullfrogs
  4 scorpions
  14 wights
  Dowan (D:4)
  A howler monkey (D:7)
  2 orc priests
  3 jellies
  5 hounds
  2 iguanas
  5 orc wizards
  Ijyb (D:4)
  Robin (D:4)
  9 adders
  4 worms
  3 dart slugs
  13 orcs
  6 ball pythons
  6 endoplasms
  3 giant cockroaches
  15 goblins
  7 hobgoblins
  4 jackals (D:3)
  12 kobolds
  3 quokkas
  3 bats
  2 frilled lizards
  3 rats
150 creatures vanquished.

Vanquished Creatures (others)
  431 foxfires
431 creatures vanquished.

Grand Total: 581 creatures vanquished

Notes
Turn   | Place    | Note
-------+----------+-------------------------------------------
     0 | D:1      | Firecrotchwizard the Djinni Fire Elementalist began the
                  | quest for the Orb.
     0 | D:1      | Firecrotchwizard set off with the following spells
                  | memorised: Foxfire, Scorch, Volatile Blastmotes, Inner
                  | Flame, Flame Wave.
     0 | D:1      | Reached XP level 1. HP: 15/15 MP: 0/0
    40 | D:1      | Found a faded altar of an unknown god.
   201 | D:1      | Reached skill level 1 in Fighting
   201 | D:1      | Reached XP level 2. HP: 4/22 MP: 0/0
   578 | D:2      | Reached XP level 3. HP: 22/27 MP: 0/0
   578 | D:2      | Learned a level 1 spell: Sandblast
   848 | D:2      | Reached skill level 2 in Fighting
   885 | D:2      | Reached XP level 4. HP: 33/33 MP: 0/0
   982 | D:2      | Found a basalt altar of Yredelemnul.
  1725 | D:3      | Noticed Sigmund
  1746 | D:3      | Killed Sigmund
  1747 | D:3      | Reached skill level 3 in Fighting
  1747 | D:3      | Reached XP level 5. HP: 35/40 MP: 0/0
  1747 | D:3      | Learned a level 2 spell: Wereblood
  1747 | D:3      | Reached XP level 6. HP: 40/46 MP: 0/0
  1791 | D:3      | Found an opulent altar of Gozag.
  2141 | D:4      | Identified the +7 whip of Plog {freeze, rN+ SInv}
  2217 | D:4      | Noticed Menkaure
  2225 | D:4      | Killed Menkaure
  2226 | D:4      | Reached skill level 4 in Fighting
  2226 | D:4      | Reached XP level 7. HP: 47/52 MP: 0/0
  2226 | D:4      | Learned a level 2 spell: Momentum Strike
  2298 | D:4      | Noticed Robin
  2302 | D:4      | Killed Robin
  2386 | D:4      | Found a sparkling altar of Nemelex Xobeh.
  2401 | D:4      | Found a shadowy altar of Dithmenos.
  2441 | D:4      | Found a sacrificial altar of Ru.
  2642 | D:4      | Reached XP level 8. HP: 44/58 MP: 0/0
  2705 | D:4      | Found a burning altar of Makhleb.
  2711 | D:4      | Became a worshipper of Makhleb the Destroyer
  2737 | D:4      | Noticed Dowan
  2739 | D:4      | Noticed Duvessa
  2751 | D:4      | Killed Duvessa
  2752 | D:4      | Reached skill level 5 in Fighting
  2753 | D:4      | Killed Dowan
  3040 | D:4      | Noticed Ijyb
  3045 | D:4      | Killed Ijyb
  3064 | D:4      | Reached skill level 5 in Spellcasting
  3511 | D:4      | You are sucked into a shaft and drop 2 floors!
  3529 | D:5      | Entered Level 5 of the Dungeon
  3689 | D:5      | Reached skill level 5 in Shields
  3697 | D:5      | Reached skill level 6 in Fighting
  3697 | D:5      | Reached XP level 9. HP: 48/66 MP: 0/0
  3697 | D:5      | Learned a level 3 spell: Vhi's Electric Charge
  3858 | D:5      | Found a white marble altar of Elyvilon.
  4159 | D:5      | Reached * piety under Makhleb
  4546 | D:6      | Found a staircase to the Ecumenical Temple.
  4603 | D:6      | Found Yzealul's Magic Scroll Shoppe.
  4744 | D:6      | Found a shimmering altar of Xom.
  4898 | D:6      | Reached skill level 1 in Invocations
  5384 | D:7      | Reached skill level 7 in Fighting
  5935 | D:6      | Noticed a rust devil
  5935 | D:6      | Noticed a rust devil
  6336 | D:8      | Reached XP level 10. HP: 73/75 MP: 0/0
  6654 | D:8      | Reached skill level 8 in Fighting
  6802 | D:8      | Reached ** piety under Makhleb
  7529 | D:9      | Noticed Harold
  7540 | D:9      | Mangled by Harold

Illustrated notes

Levels and vault maps discovered:
D:1:      amcnicky_arrival_gap_in_the_tavern_cellar, layout_rooms,
          hellmonk_ecumenical_altar_pennies_from_heaven,
          corexii_item_surrounded_by_moat, roderic_roman_lattice
D:2:      kb_forest_paths, layout_basic, basic_altar
D:3:      layout_rooms, mainiacjoe_overflow_boulevard, minmay_crystal_water,
          uniq_sigmund
D:4:      layout_basic, nicolae_overflow_quartered_altars, uniq_menkaure,
          uniq_robin, uniq_ijyb, uniq_duvessa
D:5:      layout_loops_ring, elyvilon_altar_5
D:6:      cheibrodos_iron_armory, layout_gridville, xom_teletrap_fun,
          minmay_temple_entry_statues_fountains, serial_shops,
          nicolae_shop_rolling_square, feat_on_display
D:7:      layout_loops_corners
D:8:      layout_basic, chequers_ossuary_entry_cave, lemuel_flamethrower_2,
          uniq_gastronok, uniq_pikel
D:9:      layout_long_grid, nicolae_sif_muna_little_library, lair_entry_dummy,
          minmay_misc_feat_doors, uniq_harold

Skill      XL: |  1  2  3  4  5  6  7  8  9 10 |
---------------+-------------------------------+-----
Fighting       | 1 2 3 4 6 7 8 |  8.2
Spellcasting   | 3 4 5 6 |  6.8
Shields        | 2 3 5 6 |  6.0
Invocations    | 3 4 |  4.5
Dodging        | |  2.1
Stealth        | |  1.5

Action                     |  1- 3 |  4- 6 |  7- 9 | 10-12 || total
---------------------------+-------+-------+-------+-------++-------
  Melee: Dagger            |    15 |    57 |       |       ||    72
         Whip              |       |     2 |       |       ||     2
         Staff             |       |       |     9 |     5 ||    14
   Fire: Sling             |     3 |       |       |       ||     3
   Cast: Foxfire           |    36 |    35 |   141 |    36 ||   248
         Scorch            |     4 |     7 |    56 |    14 ||    81
         Sandblast         |       |       |     2 |     2 ||     4
         Flame Wave        |       |       |       |     1 ||     1
  Evoke: Wand              |       |       |       |     1 ||     1
    Use: Potion            |       |     1 |       |       ||     1
         Scroll            |       |       |    12 |     1 ||    13
   Stab: Sleeping          |     1 |     2 |       |       ||     3
 Armour: Robe              |       |    14 |     4 |     4 ||    22
  Dodge: Dodged            |    11 |    37 |    18 |     8 ||    74
  Block: Buckler           |       |    11 |     9 |     9 ||    29
